 Dungeon Crawl Stone Soup version 0.30-a0-1075-gcd70e7a56d (webtiles) character file.

Game seed: 6069973329928657450

33 Esekla the Sneak (level 3, 14/26 HPs)
             Began as an Octopode Delver on Apr 14, 2023.
             Quit the game on level 5 of the Dungeon.
             The game lasted 00:00:55 (36 turns).

Esekla the Sneak (Octopode Delver)                    Turns: 36, Time: 00:00:55

Health: 14/26      AC:  1    Str: 11    XL:     3   Next: 29%
Magic:  2/4        EV: 13    Int: 14    God:
Gold:   17         SH:  0    Dex: 13    Spells: 3/3 levels left

rFire   . . .      SeeInvis .    a - +0 falchion
rCold   . . .      Faith    .    (no shield)
rNeg    . . .      Spirit   .    (helmet restricted)
rPois   .          Reflect  .    (no amulet)
rElec   .          Rampage  .    (no ring)
rCorr   .                        (no ring)
Will    .....                    (no ring)
Stlth   +++++                    (no ring)
HPRegen 0.24/turn                (no ring)
MPRegen 0.09/turn                (no ring)
                                 (no ring)
                                 (no ring)

@: no status effects
A: almost no armour, amphibious, 8 rings, camouflage 1, gelatinous body 1,
nimble swimmer 1, tentacles
a: no special abilities


You were on level 5 of the Dungeon.
You visited 1 branch of the dungeon, and saw 1 of its levels.

You collected 17 gold pieces.

Inventory:

Hand Weapons
 a - a +0 falchion (weapon)
Wands
 f - a wand of digging (3)
Scrolls
 b - a scroll of fog
 d - a scroll of fear
Potions
 e - a potion of haste


   Skills:
 * Level 3.2 Fighting
 * Level 2.3 Long Blades
 * Level 2.2 Dodging
 + Level 7.2 Stealth
 * Level 0.7 Spellcasting


You had 3 spell levels left.
You didn't know any spells.
Your spell library was empty.

Dungeon Overview and Level Annotations

Branches:
Dungeon (5/15)
 Temple: D:4-7

Altars:


Innate Abilities, Weirdness & Mutations

You cannot wear most types of armour.
You are amphibious.
You can wear up to eight rings at the same time.
Your skin changes colour to match your surroundings (Stealth+).
Your rubbery body absorbs attacks. (AC +1, EV +1)
You are camouflaged when in or above water. (Stealth+)
You have tentacles for arms and can constrict up to eight enemies at once.


Message History

You kill the adder!
You have reached level 2!
As you read the scroll of magic mapping, it crumbles to dust.
You feel aware of your surroundings.
You see here 17 gold pieces.
You now have 17 gold pieces.
You enter the shallow water.
You hit the iguana. Your grab misses the iguana.
The iguana is moderately wounded.
The iguana barely misses you.
You closely miss the iguana. Your grab misses the iguana.
The iguana is moderately wounded.
The iguana splashes around in the water.
You completely miss the iguana. You grab the iguana.
The iguana is moderately wounded.
You constrict the iguana, but do no damage.
The iguana bites you.
You hit the iguana. You squeeze the iguana.
The iguana is heavily wounded.
You constrict the iguana. The iguana bites you.
The iguana splashes around in the water.
You barely miss the iguana.
The iguana is severely wounded.
You constrict the iguana. The iguana closely misses you.
You hit the iguana.
You squeeze the iguana, but do no damage.
The iguana is almost dead.
You constrict the iguana, but do no damage.
The iguana bites you.
You hit the iguana but do no damage.
The iguana is almost dead.
You constrict the iguana. The iguana closely misses you.
You hit the iguana but do no damage. You squeeze the iguana.
You kill the iguana!
Your Stealth skill increases to level 7!
You have reached level 3!
Your experience leads to an increase in your attributes!
Increase (S)trength, (I)ntelligence, or (D)exterity?
You feel clever. x2
Are you sure you want to abandon this character and quit the game? (Confirm with "yes".)

#.# ***,* #.# *,,,* #.#
*,*** #>### *,* #...####
##### *,*
#.#....######...# *,*
****####.#.PPP.P.P.PP..#
*,*
*,,...........~~~......#
*,*
*,*#####..P.P~≈@~~†PPP.#
*,* *,*
##...≈~≈≈~≈≈~.P.#**,* *,*
#.P~~≈≈~~~≈~~.#.#*,* *,*
#..~≈~~~≈≈~~~.#.#*,* *,*
#...~≈~≈≈≈~..P#,.,,* *,*
#..P.~≈≈~~.....#*#**
**,******#....~~~≈P...P.#
,,,,,,,,,g.PPP..$~~P....#
**,*******,,,,,,,,~,,,,,*


You could see a gnoll (asleep).

Vanquished Creatures
  An iguana (D:5)
  An adder (D:5)
2 creatures vanquished.

Notes
Turn   | Place    | Note
-------+----------+-------------------------------------------
     0 | D:5      | Esekla the Octopode Delver began the quest for the Orb.
     0 | D:5      | Reached XP level 1. HP: 16/16 MP: 1/1
     4 | D:5      | Noticed an iguana
    12 | D:5      | Reached XP level 2. HP: 18/21 MP: 2/2
    36 | D:5      | Reached skill level 7 in Stealth
    36 | D:5      | Reached XP level 3. HP: 14/26 MP: 2/4
    36 | D:5      | Quit the game

Illustrated notes

Levels and vault maps discovered:
D:5:      layout_loops_ring, guppyfry_early_lair_pool, uniq_menkaure, uniq_ijyb

Skill      XL: |  1  2 |
---------------+-------+-----
Stealth        | 7 |  7.2
Fighting       | |  3.2
Long Blades    | |  2.3
Dodging        | |  2.2
Spellcasting   | |  0.7

Action                     || total
---------------------------++-------
  Melee: Falchion          ||    10
         Tentacles         ||     3
         Constrict         ||     1
    Use: Scroll            ||     1
 Armour: Skin              ||     1
  Dodge: Dodged            ||     4

Table legend: (Time is in decaauts)
 A = Elapsed time spent in this place.
 B = Non-inter-level travel time spent in this place.
 C = Inter-level travel time spent in this place.
 D = Time resting spent in this place.
 E = Time spent auto-exploring this place.
 F = Levels seen in this place.
 G = Mean time per level.
                   A        B        C        D        E       F      G
               +--------+--------+--------+--------+--------+-----+--------+
         Total |     38 |     38 |      0 |      0 |      0 |   1 |   38.0 |
       Dungeon |     38 |     38 |      0 |      0 |      0 |   1 |   38.0 |
               +--------+--------+--------+--------+--------+-----+--------+

Top non-repeatable levels by time:
     D:5: 38 daAuts
